 Dungeon Crawl Stone Soup version 0.30-a0-634-g8abc85282e (webtiles) character file.

Game seed: 7440839182341705840

493 wormed the Cudgeller (level 6, -1/82 HPs)
             Began as an Armataur Berserker on Jan 14, 2023.
             Was a Believer of Trog.
             Slain by a gnoll
             ... wielding a +0 spear
             ... led by a gnoll bouda
              (6 damage)
             ... on level 3 of the Dungeon.
             The game lasted 00:03:08 (2090 turns).

wormed the Cudgeller (Armataur Berserker)           Turns: 2090, Time: 00:03:09

Health: -1/82      AC:  4    Str: 23    XL:     6   Next: 92%
Magic:  6/6        EV: 10    Int:  7    God:    Trog [**....]
Gold:   169        SH:  5    Dex: 11    Spells: 5/5 levels left

rFire   . . .      SeeInvis .    a - +1 mace
rCold   . . .      Faith    .    (no shield)
rNeg    . . .      Spirit   .    l - +0 steam dragon scales
rPois   .          Reflect  +    (no helmet)
rElec   .          Harm     .    j - +1 cloak
rCorr   .          Roll     +    (no gloves)
Will    .....                    (no barding) Stlth
                                 k - amulet of reflection
HPRegen 0.33/turn                f - ring of flight
MPRegen 0.10/turn                (no ring)

@: berserking, corroded, flying, very quick
A: large, rugged brown scales 3, deformed body, armoured tail, roll, long
tongue, awkward tongue
a: Renounce Religion, Berserk, Trog's Hand


You were on level 3 of the Dungeon.
You worshipped Trog.
Trog was pleased with you.
You visited 1 branch of the dungeon, and saw 4 of its levels.

You collected 169 gold pieces.

Inventory:

Hand Weapons
 a - a +1 mace (weapon)
Armour
 j - a +1 cloak (worn)
 l - +0 steam dragon scales (worn)
Jewellery
 f - a ring of flight (left hand)
 k - an amulet of reflection (around neck)
Scrolls
 d - 2 scrolls of teleportation
Potions
 e - a potion of curing
 g - 2 potions of heal wounds
 h - a potion of resistance
 o - a potion of lignification {unknown}


   Skills:
 + Level 3.8 Fighting
 * Level 4.7 Maces & Flails
 + Level 4.1 Armour
 + Level 2.5 Dodging
 + Level 2.9 Shields


You had 5 spell levels left.
You didn't know any spells.
Your spell library was empty.

Dungeon Overview and Level Annotations

Branches:
Dungeon (4/15)
 Temple: D:4-7

Altars:
Elyvilon

Annotations:
D:3 Ijyb


Innate Abilities, Weirdness & Mutations

You are completely covered in rugged brown scales. (AC +3, +7% HP)
Armour fits poorly on your strangely shaped body.
You have a long armoured tail.
You roll when moving toward enemies. (Rampage)
Your long tongue fully drains potion bottles. (2x potion effects)
Your tongue gives you trouble enunciating. (1.5x scroll delay)


Message History

Ijyb is moderately wounded.
The gnoll hits you with a +0 club. Ijyb hits you but does no damage.
The gnoll hits you but does no damage.
The gnoll hits you from afar with a +0 spear.
You closely miss Ijyb.
Your tail-slap misses Ijyb.
Ijyb is moderately wounded.
The gnoll hits you with a +0 club.
Ijyb zaps a wand.
The bolt of acid hits you! The acid corrodes you!
The gnoll hits you from afar with a +0 spear.
The gnoll hits you but does no damage.
You hit Ijyb.
Ijyb is heavily wounded.
The gnoll barely misses you.
Ijyb zaps a wand.
The bolt of acid misses you. The gnoll barely misses you.
The gnoll closely misses you.
You hit Ijyb but do no damage. You tail-slap Ijyb.
Ijyb is severely wounded.
The gnoll hits you with a +0 club. Ijyb hits you with a +0 club.
The gnoll barely misses you.
The gnoll hits you from afar with a +0 spear.
The gnoll completely misses you.
A red film seems to cover your vision as you go berserk!
You feel yourself moving faster!
You feel mighty! Ijyb barely misses you.
The gnoll hits you from afar with a +0 spear. x2
* * * LOW HITPOINT WARNING * * *
The gnoll hits you with a +0 club.
* * * LOW HITPOINT WARNING * * *
You hit Ijyb.
Ijyb is almost dead.
Ijyb misses you. The gnoll barely misses you.
The gnoll hits you from afar with a +0 spear.
* * * LOW HITPOINT WARNING * * *
You hit Ijyb but do no damage.
Your tail-slap misses Ijyb.
Ijyb is almost dead.
The gnoll hits you with a +0 club!
* * * LOW HITPOINT WARNING * * *
You block Ijyb's attack.
The gnoll hits you from afar with a +0 spear.
* * * LOW HITPOINT WARNING * * *
The gnoll hits you from afar with a +0 spear.
You die...

<..... ..........$.#
##### #).........#
.##### #..........#
.....## #..........#
####..####.g........#
##.)..######)######
####......#gg....##
##.........g....##
#........g@).....#
#................#
#................#
#...)........(...#
#................#
#................#
##..............##
##.....##.....##


You could see Ijyb and 3 gnolls.

Vanquished Creatures
  Sigmund (D:3)
  A steam dragon (D:4)
  A black bear (D:3)
  A gnoll bouda (D:3)
  An adder (D:3)
  2 gnolls (D:3)
  A worm (D:2)
  A dart slug (D:3)
  6 endoplasms
  2 giant cockroaches
  2 goblins
  8 hobgoblins
  2 jackals (D:1)
  A kobold (D:2)
  A quokka (D:2)
  6 ball pythons
  6 bats
  6 frilled lizards
  6 rats
55 creatures vanquished.

Notes
Turn   | Place    | Note
-------+----------+-------------------------------------------
     0 | D:1      | wormed the Armataur Berserker began the quest for the Orb.
     0 | D:1      | Reached XP level 1. HP: 19/19 MP: 1/1
   150 | D:1      | Reached XP level 2. HP: 26/26 MP: 2/2
   721 | D:2      | Reached XP level 3. HP: 32/32 MP: 3/3
   977 | D:2      | Reached skill level 1 in Shields
  1009 | D:2      | Reached ** piety under Trog
  1161 | D:2      | Found a white marble altar of Elyvilon.
  1684 | D:3      | Noticed Sigmund
  1699 | D:3      | Killed Sigmund
  1700 | D:3      | Reached XP level 4. HP: 34/40 MP: 4/4
  1700 | D:3      | Reached XP level 5. HP: 40/48 MP: 5/5
  1959 | D:3      | Noticed a black bear
  1981 | D:3      | Noticed Ijyb
  1991 | D:3      | Killed a black bear
  1992 | D:3      | Reached XP level 6. HP: 34/54 MP: 6/6
  2029 | D:4      | Noticed a steam dragon
  2054 | D:4      | Killed a steam dragon
  2090 | D:3      | Slain by a gnoll

Illustrated notes

Levels and vault maps discovered:
D:1:      dpeg_arrival_central, layout_rooms, hex_medium
D:2:      layout_basic, basic_altar, minivault_14
D:3:      layout_rooms, mainiacjoe_overflow_surrounded_room, nrook_campfire,
          minivault_5, uniq_sigmund, uniq_ijyb
D:4:      layout_cave_pools, minmay_box_of_dots

Skill      XL: |  1  2  3  4  5  6 |
---------------+-------------------+-----
Maces & Flails | 3 4 |  4.7
Shields        | 2 |  2.9
Fighting       | 3 |  3.8
Armour         | 3 4 |  4.1
Dodging        | 2 |  2.5

Action                   |  1- 3 |  4- 6 || total
-------------------------+-------+-------++-------
Melee: Mace              |   101 |    51 ||   152
       Tailslap          |    10 |     9 ||    19
       Punch             |     1 |       ||     1
Invok: Berserk           |     1 |     2 ||     3
       Trog's Hand       |       |     1 ||     1
  Use: Scroll            |    10 |     2 ||    12
       Potion            |       |     2 ||     2
 Stab: Sleeping          |     1 |       ||     1
Armor: Animal skin       |    39 |    23 ||    62
       Steam dragon scal |       |     8 ||     8
Dodge: Dodged            |    51 |    56 ||   107
Block: Other             |    11 |    23 ||    34
       Reflection        |     1 |       ||     1

Table legend: (Time is in decaauts)
 A = Elapsed time spent in this place.
 B = Non-inter-level travel time spent in this place.
 C = Inter-level travel time spent in this place.
 D = Time resting spent in this place.
 E = Time spent auto-exploring this place.
 F = Levels seen in this place.
 G = Mean time per level.
                   A        B        C        D        E       F      G
               +--------+--------+--------+--------+--------+-----+--------+
         Total |   2147 |   2111 |     36 |    104 |   1564 |   4 |  536.8 |
       Dungeon |   2147 |   2111 |     36 |    104 |   1564 |   4 |  536.8 |
               +--------+--------+--------+--------+--------+-----+--------+

Top non-repeatable levels by time:
     D:2: 972 daAuts
     D:1: 597 daAuts
     D:3: 485 daAuts
     D:4: 92 daAuts
